 Dungeon Crawl Stone Soup version 0.28.0-45-g0d030f2227 (webtiles) character file.

Game seed: 13866775157997002847

179 GigaChad the Skirmisher (level 5, -14/44 HPs)
             Began as a Palentonga Fighter on Apr 19, 2022.
             Was a Follower of Yredelemnul.
             Demolished by a polar bear (21 damage)
             ... created by the rage of Trog
             ... on level 2 of the Dungeon.
             The game lasted 00:08:37 (1996 turns).

GigaChad the Skirmisher (Palentonga Fighter)        Turns: 1996, Time: 00:08:38

Health: -14/44     AC:  6    Str: 21    XL:     5   Next: 32%
Magic:  5/5        EV:  7    Int:  8    God:    Yredelemnul [*.....]
Gold:   63         SH:  0    Dex: 10    Spells: 4/4 levels left

rFire   . . .      SeeInvis +   a - +0 long sword
rCold   . . .      Faith    .   c - +0 buckler
rNeg    . . .      Spirit   .   b - +0 scale mail
rPois   .          Reflect  .   (no helmet)
rElec   .          Harm     .   (no cloak)
rCorr   .          Rampage  .   (no gloves)
Will    .....                   (no barding)
Stlth   ..........              (no amulet)
HPRegen 0.14/turn               (no ring)
MPRegen 0.09/turn               (no ring)

@: confused
A: large, rugged brown scales 3, see invisible, deformed body, roll 1, armoured
tail
a: Rolling Charge, Renounce Religion, Recall Undead Harvest


You were on level 2 of the Dungeon.
You worshipped Yredelemnul.
Yredelemnul was noncommittal.
You visited 1 branch of the dungeon, and saw 2 of its levels.

You collected 63 gold pieces.

Inventory:

Hand Weapons
 a - a +0 long sword (weapon)
Missiles
 e - 17 bolts
 i - 37 arrows
Armour
 b - a +0 scale mail (worn)
 c - a +0 buckler (worn)
Magical Staves
 g - a staff of poison
Jewellery
 k - a ring of protection from cold
Scrolls
 f - a scroll of silence {unknown}
 h - a scroll of blinking {unknown}
 j - a scroll of summoning {unknown}
 o - a scroll of teleportation {unknown}
 p - a scroll of holy word {unknown}
 q - a scroll of identify {unknown}
Potions
 d - a potion of might
 l - a potion of magic {unknown}
 m - 2 potions of flight {unknown}
 n - 2 potions of degeneration {unknown}


   Skills:
 + Level 3.8 Fighting
 + Level 3.8 Long Blades
 + Level 3.1 Armour
 + Level 0.3 Dodging
 + Level 3.0 Shields


You had 4 spell levels left.
You didn't know any spells.
Your spell library contained the following spells:

 Spells                   Type           Power      Damage    Failure   Level
 Corpse Rot               Necr/Air       0%         N/A       91%         2
 Conjure Flame            Conj/Fire      0%         6-21      99%         3
 Ignite Poison            Fire/Tmut/Pois 0%         N/A       99%         3
 Dispel Undead            Necr           0%         3d6       100%        4
 Sticky Flame             Conj/Fire      0%         2d3       100%        4
 Death Channel            Necr           Unusable   N/A       N/A         6

Dungeon Overview and Level Annotations

Branches:
Dungeon (2/15)

Altars:
Trog
Yredelemnul


Innate Abilities, Weirdness & Mutations

You are completely covered in rugged brown scales. (AC +3, +7% HP)
You have supernaturally acute eyesight. (SInv)
Armour fits poorly on your strangely shaped body.
You can roll at nearby foes to attack.
You have a long armoured tail.


Message History

Are you sure you want to stumble around while confused and next to your kobold zombie?
Okay, then.
Unknown command.
Unknown command.
Are you sure you want to stumble around while confused and next to your kobold zombie?
You're too confused to move!
You hear an angry growl.
Are you sure you want to stumble around while confused and next to your kobold zombie? [Y]es or [N]o only, please.
Are you sure you want to stumble around while confused and next to your kobold zombie? [Y]es or [N]o only, please.
Are you sure you want to stumble around while confused and next to your kobold zombie?
Okay, then.
Are you sure you want to stumble around while confused and next to your kobold zombie? [Y]es or [N]o only, please.
Are you sure you want to stumble around while confused and next to your kobold zombie? [Y]es or [N]o only, please.
Are you sure you want to stumble around while confused and next to your kobold zombie? [Y]es or [N]o only, please.
Are you sure you want to stumble around while confused and next to your kobold zombie?
Okay, then.
There are monsters nearby!
There are monsters nearby!
Are you sure you want to stumble around while confused and next to your kobold zombie?
The polar bear bites you. The polar bear claws you. x2
The polar bear bites you!
The polar bear claws you but does no damage.
The polar bear claws you. The polar bear bites you. The polar bear claws you.
* * * LOW HITPOINT WARNING * * *
The polar bear claws you.
* * * LOW HITPOINT WARNING * * *
You hear an angry growl.
Your kobold zombie hits the polar bear.
The polar bear bites you.
* * * LOW HITPOINT WARNING * * *
The polar bear claws you.
* * * LOW HITPOINT WARNING * * *
The polar bear claws you but does no damage.
The polar bear bites you!!
You die...
Your body rises from the dead as a mindless zombie.

...##........#....# ####.......#
....#....Z...#....# #.....#..###
....#...ZZ...#....###.###.#######
>...#######.ZZ....##..# #.#.....#
....# ###Z.......## ###..#..#
....# ##........###.#..#.)#
...###########ZZ..........#Z.#Z.#
..## #.......#.h.......#.##Z##Z##
### #.......#hh@........#..#.Z#Z
#........hh..##.[##.#..#..#.
##.................#.#..#..#.
........................#..).
.#####....##.........########
####.#....)......#.......#.
#........<.#########...#.#.
##.###.#.#..#.......#....... #..#
#...##.#.......##.#....


You could see 4 polar bears, a black bear (berserk), a friendly frilled lizard
zombie, 2 friendly goblin zombies, a friendly kobold zombie and the friendly
Sigmund the human zombie.

Vanquished Creatures
  Sigmund (D:2)
  A worm (D:2)
  2 dart slugs (D:1)
  2 bats (D:1)
  2 endoplasms (D:1)
  3 goblins (D:2)
  2 hobgoblins
  3 kobolds
  2 ball pythons
  3 frilled lizards
  A rat (D:1)
22 creatures vanquished.

Vanquished Creatures (collateral kills)
  A bat (D:2)
  A rat (D:2)
2 creatures vanquished.

Vanquished Creatures (others)
  A hobgoblin (D:1)
  A ball python zombie (D:2)
  A bat (D:1)
  A fungus (D:1)
  3 plants (D:1)
7 creatures vanquished.

Grand Total: 31 creatures vanquished

Notes
Turn   | Place    | Note
-------+----------+-------------------------------------------
     0 | D:1      | GigaChad the Palentonga Fighter began the quest for the
                  | Orb.
     0 | D:1      | Reached XP level 1. HP: 19/19 MP: 1/1
   404 | D:1      | Found a faded altar of an unknown god.
   425 | D:1      | Prayed at the altar of an unknown god.
   425 | D:1      | Became a worshipper of Trog the Wrathful
   425 | D:1      | Reached * piety under Trog
   429 | D:1      | Reached XP level 2. HP: 25/25 MP: 2/2
   433 | D:1      | Fell from the grace of Trog
  1293 | D:2      | Found a basalt altar of Yredelemnul.
  1303 | D:2      | Became a worshipper of Yredelemnul the Dark
  1457 | D:2      | Noticed Sigmund
  1476 | D:2      | Killed Sigmund
  1477 | D:2      | Reached XP level 3. HP: 12/32 MP: 3/3
  1477 | D:2      | Reached XP level 4. HP: 15/39 MP: 4/4
  1477 | D:2      | Reached XP level 5. HP: 17/44 MP: 5/5
  1548 | D:2      | Reached * piety under Yredelemnul
  1993 | D:2      | Noticed a polar bear
  1993 | D:2      | Noticed a polar bear
  1993 | D:2      | Noticed a polar bear
  1993 | D:2      | Noticed a black bear
  1993 | D:2      | Noticed a polar bear
  1996 | D:2      | Demolished by a polar bear

Illustrated notes

Levels and vault maps discovered:
D:1:      minmay_arrival_checkered_box, layout_basic,
          dreamdust_ecumenical_altar_grove, lemuel_flame_loot_1
D:2:      minmay_angry_zag, layout_rooms, basic_altar,
          kennysheep_generic_room_11, uniq_sigmund

Skill      XL: |  1  2 |
---------------+-------+-----
Long Blades    | 3 |  3.8
Armour         | 3 |  3.1
Shields        | 3 |  3.0
Fighting       | |  3.8
Dodging        | |  0.3

Action                   |  1- 3 |  4- 6 || total
-------------------------+-------+-------++-------
Melee: Long sword        |    50 |    15 ||    65
       Tailslap          |     2 |     1 ||     3
Invok: Renounce Religion |     1 |       ||     1
       Recall Undead Har |       |     1 ||     1
Armor: Scale mail        |    43 |    13 ||    56
Dodge: Dodged            |    19 |     7 ||    26
Block: Buckler           |    13 |     5 ||    18
